 Dungeon Crawl Stone Soup version 0.18.1-50-g88ac8fd (webtiles) character file.

19693 Goblin1989 the Destroyer (level 12, -1/66 HPs)
             Began as a Demonspawn Fire Elementalist on Sept 20, 2017.
             Was an Elder of Vehumet.
             Slain by a black mamba (17 damage)
             ... on level 3 of the Lair of Beasts.
             The game lasted 01:30:46 (20461 turns).

Goblin1989 the Destroyer (DsFE)                    Turns: 20461, Time: 01:30:47

Health: -1/66      AC: 13    Str:  8 (9)  XL:     12   Next: 38%
Magic:  31/35      EV: 20    Int: 16 (20) God:    Vehumet [****..]
Gold:   649        SH:  6    Dex: 21 (24) Spells: 7 memorised, 6 levels left

rFire  . . .     SeeInvis +     a - +6 dagger (venom)
rCold  . . .     Gourm    .     o - +0 robe
rNeg   . . .     Faith    .     W - +0 buckler
rPois  +         Spirit   .     (no helmet)
rElec  .         Dismiss  +     Y - +0 cloak
rCorr  .         Reflect  .     U - +0 pair of gloves "Dexorgh" {rPois MR- Stlth+}
SustAt .         Harm     .     t - +2 pair of boots
MR     .....                    O - amulet of dismissal
Stlth  +++++++...               N - +5 ring of protection
                                y - ring of Dishonesty {+Fly MP+9 Dex+2 SInv}

@: agile, lethally poisoned (-1 -> -3), not resistant to hostile enchantments,
extremely stealthy
A: hooves 2, repulsion field 1, agile 1, deterioration 2, frail 1, nightstalker
3, powered by pain 1, shaggy fur 1
a: Renounce Religion, Evoke Flight


You were on level 3 of the Lair of Beasts.
You worshipped Vehumet.
Vehumet was greatly pleased with you.
You were very hungry.

You visited 3 branches of the dungeon, and saw 15 of its levels.
You also visited: Labyrinth and Ossuary.

You collected 649 gold pieces.

Inventory:

Hand Weapons
 a - a +6 dagger of venom (weapon)
 b - the +7 hand axe of Duwkul {drain, +Fly rF+ rC+++ Int-5 Dex-3}
   (You found it on level 4 of the Dungeon)

   A truly terrible weapon, it drains the life of those it strikes.
   It affects your intelligence (-5).
   It affects your dexterity (-3).
   It protects you from fire.
   It renders you almost immune to cold.
   It lets you fly.
Missiles
 h - 513 stones (quivered)
 X - 3 tomahawks of returning
Armour
 o - a +0 robe (worn)
 t - a +2 pair of boots (worn)
 U - the +0 pair of gloves "Dexorgh" (worn) {rPois MR- Stlth+}
   (You found it in a labyrinth)

   It protects you from poison.
   It affects your resistance to hostile enchantments.
   It makes you more stealthy.
 W - a +0 buckler (worn)
 Y - a +0 cloak (worn)
Magical Staves
 w - a staff of fire
Jewellery
 p - a +4 ring of evasion
 y - the ring of Dishonesty (left hand) {+Fly MP+9 Dex+2 SInv}
   (You found it on level 4 of the Dungeon)

   [ring of see invisible]

   It affects your dexterity (+2).
   It affects your magic capacity (+9).
   It lets you see invisible.
   It lets you fly.
 N - a +5 ring of protection (right hand)
 O - an amulet of dismissal (around neck)
Wands
 d - a wand of flame (23/48)
 A - a wand of acid (6/15)
 C - a wand of confusion (24/48)
 G - a wand of digging (6/24)
 I - a wand of iceblast (0/15)
 K - a wand of lightning (9/15)
 L - a wand of lightning (5/15)
 S - a wand of slowing (33/48)
 Z - a wand of digging (0/24)
Scrolls
 q - a scroll of recharging
 J - a scroll of fog
 P - 2 scrolls of fear
 R - 2 scrolls of identify {@r1}
 T - 4 scrolls of teleportation {!r, @r3}
 V - 3 scrolls of enchant armour
Potions
 g - 2 potions of invisibility
 n - 6 potions of curing {@q1}
 s - 2 potions of ambrosia
 u - 3 potions of brilliance
 x - a potion of cure mutation {!q}
 z - a potion of agility
 D - a potion of flight
 E - a potion of might
 F - 3 potions of haste {@q3, !q}
 Q - 2 potions of cancellation
Books
 v - a Grand Grimoire

   Spells                             Type                      Level
   a - Monstrous Menagerie            Summoning                    7
   b - Summon Greater Demon           Summoning                    7
   c - Malign Gateway                 Summoning/Translocation      7
   d - Summon Horrible Things         Summoning                    8
 M - a book of Changes

   Spells                             Type                      Level
   a - Beastly Appendage              Transmutation                1
   b - Sticks to Snakes               Transmutation                2
   c - Spider Form                    Transmutation/Poison         3
   d - Ice Form                       Ice/Transmutation            4
   e - Blade Hands                    Transmutation                5
Miscellaneous
 r - a disc of storms
 B - a plain deck of summoning {the Dance}
Comestibles
 e - 6 bread rations {@e1}
 f - 9 meat rations {@e2}
 l - 2 beef jerkies
 m - 2 slices of pizza
 H - 8 fruits


   Skills:
 - Level 1.7 Dodging
 - Level 1.7 Stealth
 - Level 4.2 Shields
 + Level 10.7 Spellcasting
 - Level 10.8 Conjurations
 - Level 2.0 Charms
 * Level 4.2 Summonings
 + Level 2.5 Translocations
 - Level 10.3 Fire Magic
 - Level 2.1 Ice Magic


You had 6 spell levels left.
You knew the following spells:

 Your Spells              Type           Power        Failure   Level  Hunger
a - Flame Tongue          Conj/Fire      #####        1%          1    None
b - Inner Flame           Hex/Fire       ####....     1%          3    None
c - Sticky Flame          Conj/Fire      #####...     1%          4    ###....
d - Fireball              Conj/Fire      #####.....   1%          5    #####..
e - Malign Gateway        Summ/Tloc      ###.......   100%        7    #######
h - Ozocubu's Armour      Chrm/Ice       ###.....     12%         3    None
j - Conjure Flame         Conj/Fire      #####...     1%          3    None


Dungeon Overview and Level Annotations

Branches:
Dungeon (11/15)            Temple (1/1) D:4            Lair (3/8) D:11
    Orc (0/2) D:9
  Swamp: Lair:3-6    Shoals: Lair:3-6     Snake: Lair:3-6    Spider: Lair:3-6

Altars:
Ashenzari
Cheibriados
Dithmenos
Elyvilon
Fedhas
Gozag
Kikubaaqudgha
Makhleb
Nemelex Xobeh
Okawaru
Pakellas
Qazlal
Ru
Sif Muna
Trog
Vehumet
Xom
Yredelemnul
Zin
The Shining One

Shops:
D:10 (


Innate Abilities, Weirdness & Mutations

You have hoof-like feet.
You are surrounded by a mild repulsion field (EV +2).
You are completely attuned to the shadows.
You sometimes gain a little power by taking damage.
You are agile. (Dex +2)
Your body often deteriorates upon taking damage.
You are frail (-10% HP).
You are covered in fur (AC +1).


Message History

You take 9 damage, and have 57/66 hp.
You now have 33/35 mp.
Casting: Flame Tongue
Confirm with . or Enter, or press ? or * to list all spells.
Aiming: Sticky Flame
Press: ? - help, Shift-Dir - straight line, f/p - black mamba
Aim: a black mamba (lightly wounded)
The sticky flame hits the black mamba.
The black mamba is lightly wounded.
The black mamba is covered in liquid flames!
You are feeling very hungry.
The black mamba burns!
The black mamba bites you.
You take 6 damage, and have 51/66 hp.
You now have 29/35 mp.
The black mamba burns!
The black mamba bites you!
You focus on the pain.
You feel agile all of a sudden.
A river rat comes into view.
You take 12 damage, and have 39/66 hp.
The black mamba burns!
You block the black mamba's attack.
The black mamba burns!
You block the black mamba's attack.
The black mamba burns!
The black mamba misses you.
The black mamba burns!
The black mamba burns!
You block the black mamba's attack.
The black mamba burns!
The black mamba closely misses you.
The black mamba burns!
The black mamba misses you.
The black mamba burns!
The black mamba burns!
The black mamba stops burning.
The black mamba bites you!
Your body deteriorates!
You feel clumsy.
Your amulet of dismissal vibrates suddenly!
You are poisoned.
The black mamba poisons you!
The black mamba disappears!
You take 10 damage, and have 31/66 hp.
Casting: Sticky Flame
Confirm with . or Enter, or press ? or * to list all spells.
Aiming: Flame Tongue
Press: ? - help, Shift-Dir - straight line, f - river rat
Aim: a river rat The flame tongue hits the river rat.
The river rat is lightly wounded.
You feel sick.
You take 2 damage, and have 29/66 hp.
You now have 31/35 mp.
Casting: Flame Tongue
Confirm with . or Enter, or press ? or * to list all spells.
Aiming: Flame Tongue
Press: ? - help, Shift-Dir - straight line, f/p - river rat
Aim: a river rat (lightly wounded)
The flame tongue misses the river rat.
You feel sick.
You take 1 damage, and have 28/66 hp.
You now have 30/35 mp.
Casting: Flame Tongue
Confirm with . or Enter, or press ? or * to list all spells.
Aiming: Flame Tongue
Press: ? - help, Shift-Dir - straight line, f/p - river rat
Aim: a river rat (lightly wounded)
The flame tongue hits the river rat.
You kill the river rat!
Vehumet accepts your kill.
You feel your power returning.
You feel sick.
You take 1 damage, and have 27/66 hp.
Casting: Flame Tongue
Confirm with . or Enter, or press ? or * to list all spells.
You can't see any susceptible monsters within range! (Use Z to cast anyway.)
Casting: Flame Tongue
Confirm with . or Enter, or press ? or * to list all spells.
You can't see any susceptible monsters within range! (Use Z to cast anyway.)
You feel sick.
You see here a river rat corpse.
You take 2 damage, and have 25/66 hp.
You feel sick.
You take 1 damage, and have 24/66 hp.
You feel sick.
You take 1 damage, and have 23/66 hp.
You feel sick.
You start resting.
You feel sick. x7
You take 6 damage, and have 17/66 hp.
You regained 2 mp, and now have 33/35 mp.
Casting: Flame Tongue
Confirm with . or Enter, or press ? or * to list all spells.
Aiming: Flame Tongue
Press: ? - help, Shift-Dir - straight line, f - black mamba
Aim: a black mamba (severely wounded)
The flame tongue hits the black mamba.
The black mamba is almost dead.
You feel sick.
You take 1 damage, and have 17/66 hp.
You now have 33/35 mp.
Casting: Flame Tongue
Confirm with . or Enter, or press ? or * to list all spells.
Aiming: Flame Tongue
Press: ? - help, Shift-Dir - straight line, f/p - black mamba
Aim: a black mamba (almost dead)
The flame tongue hits the black mamba.
The black mamba is almost dead.
The black mamba closely misses you.
You now have 32/35 mp.
Casting: Flame Tongue
Confirm with . or Enter, or press ? or * to list all spells.
Aiming: Flame Tongue
Press: ? - help, Shift-Dir - straight line, f/p - black mamba
Aim: a black mamba (almost dead)
The flame tongue misses the black mamba.
You feel sick. The black mamba bites you!
You die... █ ██ ███ ██████

███ ███
.███.███.P█.█████.████..█
............†..S@......██
.............P.██████...█
.............█... ██.██
.██.▲██.█.....█... .█
██.█. .█.......... .█ .█


You could see a black mamba.

Vanquished Creatures
  A minotaur (Lab)
  2 hydras
  5 hill giants
  A harpy (shapeshifter) (D:11)
  A manticore (D:11)
  An ugly thing (D:6)
  2 gargoyles
  A centaur skeleton (D:10)
  4 spiny frogs
  A black mamba (D:11)
  2 komodo dragons (Lair:2)
  A redback (Lab)
  A human (D:9)
  14 yaks
  Grum (D:11)
  8 hungry ghosts
  4 hippogriffs
  2 wargs (D:9)
  10 water moccasins
  2 porcupines
  2 ice beasts
  2 black bears
  A phantom (D:8)
  3 sky beasts
  4 ogres
  2 orc warriors
  2 wolves (D:11)
  7 centaurs
  3 crocodiles
  2 big kobolds
  9 giant frogs
  A gnoll sergeant (D:9)
  A wyvern zombie (D:5)
  A water moccasin zombie (D:6)
  4 scorpions
  5 killer bees (D:8)
  4 howler monkeys
  4 lava snakes (Lab)
  A jelly (D:11)
  2 centaur zombies
  6 crimson imps
  10 orc wizards
  3 human zombies (Ossuary)
  5 hounds
  5 orc priests
  5 iguanas
  A giant frog skeleton (D:8)
  9 worker ants
  A killer bee zombie (D:5)
  3 hound skeletons
  2 mummies (Ossuary)
  A worker ant zombie (D:10)
  11 gnolls
  18 river rats
  15 adders
  An ooze (D:1)
  3 adder zombies (Ossuary)
  An adder skeleton (D:8)
  3 dart slugs
  7 giant geckos
  31 orcs
  3 giant cockroaches
  15 goblins
  5 hobgoblins
  19 jackals
  5 quokkas
  6 bats
  A giant cockroach zombie (D:5)
  6 giant newts
  A goblin zombie (Ossuary)
  7 hobgoblin zombies (Ossuary)
  2 jackal zombies (Ossuary)
  12 kobolds
  12 kobold zombies (Ossuary)
  6 orc zombies (Ossuary)
  A quokka skeleton (D:8)
  2 quokka zombies
  6 rats
  2 rat zombies (Ossuary)
  2 plants
378 creatures vanquished.

Vanquished Creatures (others)
  A quokka (D:8)
  3 fungi
  9 plants
13 creatures vanquished.

Grand Total: 391 creatures vanquished

Notes
Turn   | Place    | Note
--------------------------------------------------------------
     0 | D:1      | Goblin1989 the Demonspawn Fire Elementalist began the quest for the Orb.
     0 | D:1      | Reached XP level 1. HP: 13/13 MP: 3/3
   595 | D:1      | Gained mutation: You are slightly more attuned to the shadows. [demonic ancestry]
   595 | D:1      | Reached XP level 2. HP: 19/19 MP: 0/5
  1325 | D:2      | Reached XP level 3. HP: 24/24 MP: 4/6
  1351 | D:2      | Found a blossoming altar of Fedhas.
  1354 | D:2      | Found a deep blue altar of Sif Muna.
  1900 | D:2      | Learned a level 3 spell: Conjure Flame
  1982 | D:2      | Gained mutation: You have large cloven feet. [demonic ancestry]
  1982 | D:2      | Reached XP level 4. HP: 18/30 MP: 0/7
  2304 | D:2      | Found a bloodstained altar of Trog.
  3370 | D:4      | Reached XP level 5. HP: 30/35 MP: 2/9
  3466 | D:4      | Got a sparkling granite ring
  3467 | D:4      | Identified the ring of Dishonesty {+Fly MP+9 Dex+2 SInv} (You found it on level 4 of the Dungeon)
  4044 | D:3      | Gained mutation: You sometimes gain a little power by taking damage. [demonic ancestry]
  4044 | D:3      | Reached XP level 6. HP: 28/41 MP: 10/10
  4159 | D:4      | Got a scorched hand axe
  4160 | D:4      | Identified the +7 hand axe of Duwkul {drain, +Fly rF+ rC+++ Int-5 Dex-3} (You found it on level 4 of the Dungeon)
  4262 | D:4      | Found a staircase to the Ecumenical Temple.
  4268 | Temple   | Entered the Ecumenical Temple
  4322 | Temple   | Became a worshipper of Vehumet
  4804 | D:5      | Entered Level 5 of the Dungeon
  4835 | D:5      | Found a burning altar of Makhleb.
  4837 | D:5      | Found a glowing silver altar of Zin.
  4837 | D:5      | Noticed a cacodemon
  4837 | D:5      | Noticed an angel
  4899 | D:5      | Reached skill level 5 in Fire Magic
  4910 | D:5      | Found a sand-covered staircase.
  4918 | Ossuary  | Entered an ossuary
  5129 | Ossuary  | Learned a level 3 spell: Inner Flame
  5134 | Ossuary  | Learned a level 4 spell: Sticky Flame
  5232 | Ossuary  | Reached * piety under Vehumet
  5232 | Ossuary  | Offered knowledge of Freeze by Vehumet.
  5273 | Ossuary  | Reached XP level 7. HP: 32/46 MP: 12/12
  5499 | Ossuary  | Reached skill level 5 in Conjurations
  5886 | D:5      | Got a dazzling ring mail
  5897 | D:5      | Identified the cursed +0 ring mail of the Storm King {rC+ Stlth+} (You found it on level 5 of the Dungeon)
  6215 | D:5      | Offered knowledge of Throw Frost by Vehumet.
  6224 | D:5      | Reached ** piety under Vehumet
  6231 | D:5      | Found an ancient bone altar of Kikubaaqudgha.
  6530 | D:6      | Gained mutation: You are significantly more attuned to the shadows. [demonic ancestry]
  6530 | D:6      | Reached XP level 8. HP: 52/52 MP: 14/14
  6534 | D:6      | Reached skill level 1 in Shields
  7184 | D:6      | Got a transparent robe
  7288 | D:6      | Found a sacrificial altar of Ru.
  7366 | D:6      | Identified the cursed +0 robe of Lugonu's Vengeance {rC+ MP-9 Str+7} (You found it on level 6 of the Dungeon)
  7471 | D:6      | Noticed a brown ugly thing
  7480 | D:6      | Killed a brown ugly thing
  7498 | D:6      | Gained mutation: You are agile. (Dex +2) [mutagenic meat]
  7499 | D:6      | Gained mutation: Your body sometimes deteriorates upon taking damage. [mutagenic meat]
  7500 | D:6      | Gained mutation: You have hoof-like feet. [mutagenic meat]
  7501 | D:6      | Gained mutation: You passively map a small area around you. [mutagenic meat]
  7746 | D:7      | Found an ancient bone altar of Kikubaaqudgha.
  7781 | D:7      | Gained mutation: You are surrounded by a mild repulsion field (EV +2). [demonic ancestry]
  7781 | D:7      | Reached XP level 9. HP: 57/57 MP: 16/16
  8161 | D:7      | Reached skill level 5 in Spellcasting
  8557 | D:8      | Learned a level 5 spell: Fireball
  8562 | D:8      | Found a white marble altar of Elyvilon.
  8782 | D:8      | Offered knowledge of Ignite Poison by Vehumet.
  8964 | D:8      | Reached *** piety under Vehumet
  9240 | D:8      | Gained mutation: You are dopey. (Int -2) [potion of mutation]
  9240 | D:8      | Gained mutation: Scrolls take you a little longer to read. [potion of mutation]
  9240 | D:8      | Lost mutation: You are agile. (Dex +2) [potion of mutation]
  9241 | D:8      | Lost mutation: Scrolls take you a little longer to read. [potion of cure mutation]
  9241 | D:8      | Lost mutation: You have hoof-like feet. [potion of cure mutation]
  9241 | D:8      | Lost mutation: You are dopey. (Int -2) [potion of cure mutation]
  9241 | D:8      | Lost mutation: You passively map a small area around you. [potion of cure mutation]
  9241 | D:8      | Lost mutation: Your body sometimes deteriorates upon taking damage. [potion of cure mutation]
  9908 | D:8      | Noticed a gargoyle
  9915 | D:8      | Killed a gargoyle
 10142 | D:9      | Gained mutation: You have hoof-like feet. [demonic ancestry]
 10142 | D:9      | Reached XP level 10. HP: 63/63 MP: 18/18
 10281 | D:9      | Found a staircase to the Orcish Mines.
 10397 | D:9      | Offered knowledge of Dazzling Spray by Vehumet.
 11487 | D:10     | Entered Level 10 of the Dungeon
 11643 | D:10     | Noticed a hill giant
 11659 | D:10     | Killed a hill giant
 11895 | D:10     | Noticed a gargoyle
 11908 | D:10     | Killed a gargoyle
 11998 | D:10     | Gained mutation: You are agile. (Dex +2) [mutagenic meat]
 11999 | D:10     | Gained mutation: You are covered in fur (AC +1). [mutagenic meat]
 12000 | D:10     | Gained mutation: Your body sometimes deteriorates upon taking damage. [mutagenic meat]
 12001 | D:10     | Gained mutation: Your body often deteriorates upon taking damage. [mutagenic meat]
 12002 | D:10     | Gained mutation: You are frail (-10% HP). [mutagenic meat]
 12011 | D:10     | Noticed a hill giant
 12030 | D:10     | Killed a hill giant
 12065 | D:10     | Noticed a hill giant
 12079 | D:10     | Killed a hill giant
 12297 | D:10     | Found Binwax's Weapon Shoppe.
 12376 | D:10     | Reached skill level 10 in Conjurations
 12376 | D:10     | Gained mutation: You are completely attuned to the shadows. [demonic ancestry]
 12376 | D:10     | Reached XP level 11. HP: 55/61 MP: 21/23
 12909 | D:11     | Noticed a hill giant
 12928 | D:11     | Killed a hill giant
 13031 | D:11     | Noticed a harpy
 13066 | D:11     | Reached **** piety under Vehumet
 13163 | D:11     | Killed a harpy
 13361 | D:11     | Noticed a hill giant
 13369 | D:11     | Noticed Grum
 13370 | D:11     | Killed a hill giant
 13734 | D:11     | HP: 1/61 [centaur/arrow (13)]
 13739 | D:11     | Identified a scroll of acquirement
 13961 | D:11     | HP: 1/61 [Grum/stone (13)]
 14216 | D:11     | Learned a level 3 spell: Ozocubu's Armour
 14239 | D:11     | Killed Grum
 14239 | D:11     | Reached skill level 10 in Fire Magic
 14439 | D:11     | Offered knowledge of Airstrike by Vehumet.
 14642 | D:11     | Reached skill level 1 in Charms
 14671 | D:11     | Found a staircase to the Lair.
 14843 | D:11     | Reached skill level 1 in Ice Magic
 15209 | Lair:1   | Entered Level 1 of the Lair of Beasts
 15336 | Lair:1   | Noticed a four-headed hydra
 16059 | Lair:1   | Killed a four-headed hydra
 16059 | Lair:1   | Reached skill level 10 in Spellcasting
 16721 | Lair:2   | Found a labyrinth entrance.
 16738 | Lab      | Entered a labyrinth
 18002 | Lab      | Noticed a minotaur
 18008 | Lab      | Killed a minotaur
 18008 | Lab      | Reached XP level 12. HP: 38/66 MP: 20/26
 18013 | Lab      | Got a pair of bloodstained gloves
 18022 | Lab      | Identified the +0 pair of gloves "Dexorgh" {rPois MR- Stlth+} (You found it in a labyrinth)
 18066 | Lab      | Learned a level 7 spell: Malign Gateway
 18156 | Lair:2   | Reached skill level 1 in Summonings
 18541 | Lair:2   | Reached skill level 1 in Translocations
 19172 | Lair:2   | Noticed a five-headed hydra
 19340 | Lair:2   | Killed a five-headed hydra
 19340 | Lair:2   | Reached ***** piety under Vehumet
 19340 | Lair:2   | Offered knowledge of Lightning Bolt by Vehumet.
 20461 | Lair:3   | Slain by a black mamba

Skill      XL: |  1  2  3  4  5  6  7  8  9 10 11 12 |
---------------+-------------------------------------+-----
Fire Magic     | 3 4 5 7 8 9 10 | 10.3
Conjurations   | 2 3 4 5 7 8 10 | 10.8
Spellcasting   | 3 4 5 8 10 | 10.7
Shields        | 2 3 4 |  4.2
Charms         | 2 |  2.0
Ice Magic      | 2 |  2.1
Summonings     | 4 |  4.2
Translocations | 2 |  2.5
Dodging        | |  1.7
Stealth        | |  1.7

Action                   |  1- 3 |  4- 6 |  7- 9 | 10-12 || total
-------------------------+-------+-------+-------+-------++-------
Melee: Unarmed           |    13 |       |       |       ||    13
       Dagger            |    10 |     8 |    11 |     6 ||    35
       Hand axe          |       |       |    51 |    30 ||    81
Throw: Stone             |       |     2 |       |       ||     2
 Cast: Flame Tongue      |    70 |   174 |   296 |   512 ||  1052
       Sticky Flame      |       |       |     4 |    47 ||    51
       Conjure Flame     |       |       |     3 |    20 ||    23
       Inner Flame       |       |       |     1 |     4 ||     5
       Fireball          |       |       |       |    13 ||    13
       Ozocubu's Armour  |       |       |       |     4 ||     4
Evoke: Wand              |       |     1 |       |     9 ||    10
  Use: Scroll            |       |     5 |     8 |    16 ||    29
       Potion            |       |     2 |     2 |     5 ||     9
 Stab: Sleeping          |       |       |     1 |     1 ||     2
       Distracted        |       |       |       |     1 ||     1
  Eat: Chunk             |     4 |     6 |    18 |    17 ||    45
       Bread ration      |       |     1 |       |     1 ||     2
       Meat ration       |       |       |     2 |       ||     2
       Pizza             |       |       |     1 |       ||     1
       Fruit             |       |       |       |    23 ||    23
Armor: Robe              |    13 |    37 |    58 |    62 ||   170
       Ring mail         |       |       |    11 |       ||    11
Dodge: Dodged            |    38 |    74 |   101 |   231 ||   444
Block: Buckler           |       |       |    32 |    78 ||   110

Vault maps used:
D:1:      dpeg_arrival_rooms_b, minmay_misc_feat_pillars
D:2:      grunt_temple_overflow_open, st_stairs_7, bloody_trog
D:3:      lemuel_castle_with_subvaults, uniq_terence
D:4:      minmay_temple_entry_nine_rooms, eino_small_chamber_without_monster,
          guppyfry_early_lair_pool
D:5:      grunt_temple_overflow_order_and_chaos_2, marbit_many_paths,
          nicolae_ossuary_entry_monument, first_bread, serial_bayou_ford_a
D:6:      old_standard_altar
D:7:      basic_altar
D:8:      elyvilon_altar_4
D:9:      erik_orc_4
D:10:     serial_shops, shop
D:11:     lair_0_dummy, serial_glass, glass_columns_a, glass_columns_b,
          glass_columns_a, glass_columns_c, glass_columns_c,
          blue_anna_alchemist, serial_bayou_lake_a, uniq_grum
Temple:   zaba_magenta_temple_12
Lair:1:   minivault_23, grunt_forest_small_clearing_treed
Lair:2:   lab_entry_generic, infiniplex_staircase_pool_2
Lair:3:   minmay_shoals_entry_lonely_mermaid, guppyfry_snake_entry_garden
Lab:      nicolae_lab_dead_adventurers, labyrinth_baited_teleportation_trap,
          nicolae_lab_garden, nicolae_lab_checkerboard, nicolae_lab_stuck,
          labyrinth_lava_lair, nicolae_lab_grate_2, labyrinth_skeletal_remains
Ossuary:  ossuary_tomb_1
